 Dungeon Crawl Stone Soup version 0.20.1-2-g1830e616b0 (webtiles) character file.

109 Alfie the Shooter (level 5, -2/39 HPs)
             Began as a Human Hunter on Jan 23, 2020.
             Slain by Sigmund
             ... wielding a +1 scythe of flaming
              (4 damage)
             ... on level 2 of the Dungeon.
             The game lasted 00:09:10 (1971 turns).

Alfie the Shooter (Human Hunter)                    Turns: 1971, Time: 00:09:10

Health: -2/39      AC:  5    Str: 13    XL:     5   Next: 13%
Magic:  5/5        EV: 12    Int: 11    God:
Gold:   131        SH:  2    Dex: 14    Spells: 4/4 levels left

rFire    . . .     SeeInvis .   a - +1 shortbow
rCold    . . .     Gourm    .   (shield currently unavailable)
rNeg     . . .     Faith    .   c - +2 leather armour
rPois    .         Spirit   .   (no helmet)
rElec    .         Reflect  +   (no cloak)
rCorr    .         Harm     .   (no gloves)
MR       .....                  (no boots)
Stlth    ++........             h - +2 amulet of reflection
Regen    0.2/turn               (no ring)
MPRegen  0.1/turn               (no ring)

@: no status effects
A: no striking features
a: no special abilities


You were on level 2 of the Dungeon.
You were not hungry.

You visited 1 branch of the dungeon, and saw 3 of its levels.

You collected 131 gold pieces.

Inventory:

Hand Weapons
 a - a +1 shortbow (weapon)
 b - a +0 short sword
Missiles
 d - 30 arrows (quivered)
Armour
 c - a +2 leather armour (worn)
 k - a +0 pair of boots
Jewellery
 h - a +2 amulet of reflection (around neck)
 i - a cursed ring of teleportation
 j - a cursed ring of teleportation
 r - an uncursed ring of positive energy {unknown}
 s - a cursed ring of loudness {unknown}
Scrolls
 l - a scroll of enchant armour
 m - a scroll of remove curse
 p - 2 scrolls of identify
 q - a scroll of amnesia
Potions
 e - a potion of agility
 n - 2 potions of resistance {unknown}
 o - a potion of haste {unknown}
Comestibles
 f - a bread ration
 g - 2 royal jellies


   Skills:
 + Level 2.5 Fighting
 + Level 0.8 Short Blades
 + Level 5.2 Bows
 + Level 1.1 Armour
 + Level 2.4 Dodging
 + Level 1.3 Stealth


You had 4 spell levels left.
You didn't know any spells.

Dungeon Overview and Level Annotations

Branches:
Dungeon (3/15)

Altars:
Uskayaw

Annotations:
D:2 Sigmund


Message History

Press: ? - help, Shift-Dir - straight line, f/p - Sigmund
Aim: Sigmund, wielding a scythe of flaming and wearing a robe (severely wounded)
You shoot an arrow. The arrow hits Sigmund.
Sigmund is severely wounded.
Sigmund hits you from afar with a scythe of flaming.
* * * LOW HITPOINT WARNING * * *
Sigmund burns you.
* * * LOW HITPOINT WARNING * * *
Firing (i - inventory):
d - 32 arrows (quivered)
Press: ? - help, Shift-Dir - straight line, f/p - Sigmund
Aim: Sigmund, wielding a scythe of flaming and wearing a robe (severely wounded)
You shoot an arrow. The arrow barely misses Sigmund.
You block Sigmund's attack.
Firing (i - inventory):
d - 31 arrows (quivered)
Press: ? - help, Shift-Dir - straight line, f/p - Sigmund
Aim: Sigmund, wielding a scythe of flaming and wearing a robe (severely wounded)
You shoot an arrow. The arrow hits Sigmund.
Sigmund is almost dead.
Sigmund hits you from afar with a scythe of flaming.
You die...

##..##.#(## #..##.....
#####..###...#
#..##.....
#........##..#
##..#.....,
#........##..#
##..@..#****
#............#*#
#.(..###
#.........##...#*#((..#
#........#####(#((..#.#
####........#
##..(..###@#######
*#......[....###@.@##.*
#.....>.#
#..##........##..#.##.#
######..#
#.**#...........##,#*,*
#.##
#.###.>##.###.###*,,*,*
#.# ......###.##..#
**,*,* *#.# #.#..##
#.....## *,*,* *..#
,,#.## ####...#***,,,**
*.## ....#
*#>#...#,,*,,* ***.*
#.### *#..###...#**,**
*,,,*


You could see Sigmund.

Vanquished Creatures
  Jessica (D:2)
  3 adders
  An ooze (D:3)
  A worm (D:3)
  A dart slug (D:3)
  2 leopard geckos
  An orc (D:3)
  9 bats
  2 giant cockroaches
  2 goblins (D:1)
  5 hobgoblins
  4 jackals (D:1)
  8 kobolds
  A ball python (D:3)
  2 frilled lizards
  A rat (D:1)
44 creatures vanquished.

Notes
Turn   | Place    | Note
-------+----------+-------------------------------------------
     0 | D:1      | Alfie the Human Hunter began the quest for the Orb.
     0 | D:1      | Reached XP level 1. HP: 16/16 MP: 1/1
    91 | D:1      | Reached XP level 2. HP: 20/22 MP: 2/2
   326 | D:1      | Reached XP level 3. HP: 21/27 MP: 3/3
   909 | D:2      | Noticed Jessica
   932 | D:2      | Killed Jessica
   932 | D:2      | Reached XP level 4. HP: 20/34 MP: 4/4
  1010 | D:2      | Noticed Sigmund
  1050 | D:3      | Reached skill level 5 in Bows
  1657 | D:3      | Reached skill level 1 in Armour
  1689 | D:3      | Reached XP level 5. HP: 39/39 MP: 5/5
  1765 | D:3      | Found a hide-covered altar of Uskayaw.
  1971 | D:2      | Slain by Sigmund

Skill      XL: |  1  2  3  4 |
---------------+-------------+-----
Bows           | 5 |  5.2
Armour         | 1 |  1.1
Fighting       | |  2.5
Short Blades   | |  0.8
Dodging        | |  2.4
Stealth        | |  1.3

Action                   |  1- 3 |  4- 6 || total
-------------------------+-------+-------++-------
Melee: Short sword       |     3 |    42 ||    45
 Fire: Shortbow          |    87 |    46 ||   133
  Use: Scroll            |     2 |     9 ||    11
       Potion            |       |     2 ||     2
  Eat: Royal jelly       |       |     1 ||     1
       Fruit             |       |     1 ||     1
Armor: Leather armour    |    10 |    15 ||    25
Dodge: Dodged            |    33 |    32 ||    65
Block: Other             |     2 |     4 ||     6
